Map: Old Republic LE

Players

HeroMarine - Winner!

  • Race: Terran Terran
  • Spawn Location: 1:00

Fjant

  • Race: Zerg Zerg
  • League: Grandmaster
  • Spawn Location: 7:00

VOD

Have the link to the VOD?

Description

Time

  • Played on: Jan. 31, 2026, 6:53 a.m.
  • Length: 17:33
Show
View Real Time Build Order
Export as new Build Order

HeroMarine Terran - Winner!

Build Orders:  

Get SALT Encoding   

  12  0:00  SCV  
  13  0:12  SCV  
  14  0:17  Supply Depot  
  14  0:24  SCV  
  15  0:38  SCV  
  15  0:39  Barracks  
  16  0:43  Refinery  
  16  0:50  SCV  
  17  1:02  SCV  
  18  1:15  SCV  
  19  1:27  Orbital Command  
  19  1:29  Marine  
  20  1:35  Supply Depot  
  20  1:45  Factory  
  20  1:47  Marine  
  20  1:49  Bunker  
  20  1:52  SCV  
  22  2:04  SCV, Marine  
  24  2:16  SCV  
  24  2:22  Marine  
  26  2:27  Command Center  
  27  2:33  Hellion  
  27  2:34  SCV  
  28  2:40  Marine  
  29  2:46  SCV  
  30  2:54  Supply Depot  
  30  2:56  Factory Tech Lab  
  31  3:02  Marine  
  31  3:08  SCV  
  31  3:17  Siege Tank  
  34  3:20  Marine, Refinery, SCV  
  36  3:32  SCV  
  35  3:37  Marine  
  35  3:38  Orbital Command  
  36  3:44  SCV  
  23  3:56  SCV  
  23  3:59  Cyclone  
  24  4:05  SCV  
  24  4:09  SCV  
  26  4:14  Starport  
  25  4:17  SCV  
  25  4:21  SCV  
  27  4:24  Orbital Command  
  27  4:29  SCV  
  29  4:33  SCV  
  30  4:41  SCV  
  30  4:42  Hellion  
  30  4:43  Barracks Reactor  
  31  4:51  SCV  
  32  4:53  SCV  
  32  4:57  Medivac  
  35  5:03  SCV  
  37  5:09  Hellion, Barracks Reactor  
  37  5:11  Orbital Command  
  38  5:15  SCV  
  38  5:18  Command Center  
  39  5:27  SCV  
  38  5:37  SCV  
  38  5:39  SCV, Banshee  
  43  5:49  Hellion, SCV  
  46  5:51  SCV  
  46  5:52  Hellion  
  49  6:01  SCV  
  49  6:03  SCV  
  51  6:05  Supply Depot  
  51  6:11  Hellion  
  53  6:13  SCV  
  54  6:22  Factory  
  54  6:26  SCV x2, Hellion  
  61  6:33  Hellion  
  61  6:38  Orbital Command, SCV  
  64  6:40  SCV  
  65  6:50  SCV  
  65  6:52  Armory, SCV  
  65  6:53  Engineering Bay  
  57  7:02  SCV  
  57  7:03  Viking x2  
  57  7:04  SCV  
  57  7:06  Refinery, Cyclone  
  57  7:07  Factory Tech Lab, Refinery  
  57  7:08  SCV  
  67  7:15  SCV  
  68  7:16  Supply Depot, SCV  
  68  7:19  Missile Turret x2  
  68  7:20  SCV  
  68  7:21  Missile Turret  
  70  7:27  SCV  
  70  7:29  SCV  
  72  7:30  Cyclone  
  72  7:32  SCV  
  76  7:38  Cyclone  
  76  7:39  Viking, SCV  
  76  7:41  SCV  
  76  7:43  Orbital Command  
  83  7:46  Viking  
  83  7:48  Supply Depot  
  85  7:51  Supply Depot  
  85  7:57  Supply Depot, Missile Turret  
  85  8:03  SCV  
  85  8:10  SCV x2, Cyclone  
  92  8:14  Missile Turret, Cyclone  
  92  8:16  SCV  
  94  8:21  Barracks Reactor  
  94  8:22  SCV x2  
  94  8:23  Missile Turret  
  94  8:24  Factory  
  96  8:27  Supply Depot  
  96  8:28  SCV, Supply Depot  
  96  8:33  Viking  
  97  8:34  SCV x2  
  97  8:40  SCV  
  89  8:42  Cyclone  
  89  8:46  SCV x2  
  91  8:48  Cyclone  
  91  8:52  SCV  
  95  8:58  SCV x2, Missile Turret  
  95  8:59  Refinery  
  95  9:02  Refinery  
  97  9:03  Terran Vehicle And Ship Armor Level 1  
  97  9:04  SCV, Infernal Pre-Igniter  
  98  9:11  SCV x2  
  98  9:14  Supply Depot  
  98  9:15  Supply Depot  
  98  9:16  SCV  
  101  9:23  Command Center  
  102  9:27  Sensor Tower  
  102  9:28  Missile Turret  
  102  9:31  Cyclone x2  
  107  9:34  Hellion  
  107  9:36  Hellion  
  111  9:41  Supply Depot x2  
  111  9:42  Supply Depot  
  109  9:54  SCV x3  
  109  9:57  Factory x2  
  109  9:59  Missile Turret, Mag-Field Accelerator  
  110  10:03  Cyclone, Hellion x2  
  110  10:06  SCV  
  118  10:10  Missile Turret x2  
  118  10:11  Hi-Sec Auto Tracking  
  118  10:12  Barracks Reactor  
  118  10:14  Cyclone  
  118  10:16  SCV  
  118  10:17  SCV  
  118  10:18  SCV  
  124  10:23  Drilling Claws  
  124  10:24  Widow Mine  
  124  10:25  Widow Mine  
  128  10:29  SCV x2  
  128  10:30  SCV  
  131  10:38  Cyclone  
  131  10:41  Missile Turret  
  134  10:43  Missile Turret  
  134  10:44  Missile Turret  
  134  10:46  Factory Tech Lab, Cyclone  
  134  10:48  Widow Mine x2  
  141  10:52  Planetary Fortress  
  141  10:54  Refinery  
  141  10:56  Refinery  
  141  10:57  Missile Turret  
  141  10:58  Sensor Tower  
  141  11:03  Missile Turret  
  141  11:04  Terran Vehicle Weapons Level 1  
  141  11:10  Cyclone, SCV  
  141  11:11  SCV x2  
  143  11:15  Command Center  
  143  11:16  Refinery  
  143  11:17  Missile Turret  
  142  11:19  Cyclone  
  145  11:28  Cyclone  
  145  11:31  Medivac x2  
  154  11:32  Hellion  
  154  11:33  Hellion x2  
  154  11:35  Hellion  
  158  11:45  Factory x2  
  158  11:46  Missile Turret x2  
  158  11:50  Missile Turret  
  158  11:52  Cyclone  
  158  11:53  Cyclone  
  164  11:57  Hellion x6  
  164  11:59  Supply Depot  
  164  12:04  Supply Depot x2  
  164  12:07  Missile Turret  
  163  12:09  Sensor Tower  
  163  12:20  Cyclone  
  163  12:21  Widow Mine x2  
  170  12:23  Hellion  
  170  12:25  Cyclone x2, Hellion  
  180  12:35  Viking x2  
  165  12:42  Hellion x2  
  165  12:43  Factory Tech Lab x2  
  156  12:44  Hellion  
  156  12:49  Command Center  
  158  12:52  Cyclone  
  158  12:57  Cyclone x2  
  167  13:02  Terran Vehicle And Ship Armor Level 2  
  167  13:05  Viking x2  
  169  13:06  Cyclone  
  169  13:09  Cyclone  
  169  13:10  Hellion x2  
  178  13:14  Hellion x2  
  179  13:25  Cyclone  
  180  13:29  Cyclone x2  
  180  13:31  Hellion  
  180  13:32  Smart Servos  
  188  13:38  Planetary Fortress, Cyclone  
  188  13:41  Cyclone  
  178  13:55  Command Center x2  
  178  13:57  Cyclone  
  178  14:00  Command Center  
  178  14:01  Orbital Command, Cyclone x2  
  187  14:16  Cyclone  
  190  14:18  Sensor Tower, Refinery  
  190  14:21  Cyclone, Missile Turret x2  
  190  14:22  Refinery  
  191  14:25  Missile Turret  
  191  14:30  Factory  
  191  14:32  Factory  
  191  14:35  Cyclone  
  191  14:36  Factory  
  191  14:49  Cyclone x3  
  191  14:50  Neosteel Armor  
  200  15:02  Command Center  
  200  15:06  Orbital Command  
  200  15:07  Orbital Command  
  200  15:20  Factory Tech Lab x2, Factory Reactor  
  200  15:26  Command Center  
  200  15:45  Command Center  
  197  15:58  Cyclone x4  
  198  16:45  Cyclone  
  198  16:46  Planetary Fortress, Hellion  
  200  16:50  Orbital Command  
  198  17:05  Missile Turret  
  198  17:06  Refinery x2  
  198  17:07  Missile Turret  
Show
View Real Time Build Order
Export as new Build Order

Fjant Zerg 

Build Orders: Hatch First 

Get SALT Encoding   

  12  0:00  Drone  
  13  0:07  Drone  
  14  0:16  Extractor, Drone  
  15  0:23  Overlord  
  15  0:42  Drone x2  
  17  0:52  Hatchery  
  17  0:54  Drone  
  17  0:58  Drone  
  18  1:07  Extractor  
  17  1:12  Spawning Pool  
  17  1:15  Drone  
  17  1:18  Drone  
  18  1:29  Drone  
  19  1:40  Hatchery  
  19  1:43  Drone  
  19  2:03  Queen  
  19  2:04  Zergling x2  
  19  2:07  Metabolic Boost  
  22  2:09  Drone  
  23  2:16  Overlord  
  23  2:32  Drone  
  23  2:34  Zergling x2  
  23  2:35  Zergling x2  
  23  2:36  Queen  
  27  2:38  Zergling x2  
  28  2:45  Zergling x4  
  28  2:48  Zergling x2  
  31  2:52  Zergling x2  
  31  2:58  Zergling x2  
  31  3:04  Zergling x2  
  31  3:05  Zergling x2  
  34  3:09  Zergling x2  
  34  3:10  Zergling x4  
  36  3:26  Zergling x2  
  37  3:31  Zergling x2  
  37  3:32  Drone x2  
  38  3:35  Zergling x6  
  38  3:40  Zergling x2  
  39  3:47  Zergling x8  
  41  3:49  Queen  
  41  3:53  Zergling x2  
  38  3:57  Drone  
  37  4:03  Drone  
  37  4:07  Drone x3  
  41  4:12  Overlord  
  41  4:16  Overlord  
  41  4:26  Overlord  
  41  4:29  Overlord  
  39  4:32  Drone  
  39  4:33  Drone x3  
  39  4:35  Extractor  
  39  4:37  Extractor  
  41  4:40  Drone x2  
  42  4:46  Lair  
  42  4:49  Drone  
  43  4:54  Drone  
  44  5:01  Baneling Nest  
  44  5:03  Drone x2  
  44  5:05  Drone x2  
  47  5:07  Drone  
  47  5:13  Overlord  
  48  5:14  Drone  
  48  5:20  Extractor  
  48  5:24  Overlord  
  48  5:25  Drone  
  48  5:36  Drone  
  48  5:37  Drone  
  50  5:46  Zergling x2  
  50  5:47  Hatchery, Spire  
  50  5:48  Drone  
  50  5:52  Overseer  
  50  5:54  Centrifugal Hooks  
  50  5:59  Drone x2  
  50  6:01  Drone  
  50  6:02  Zergling x2  
  54  6:10  Zergling x6  
  57  6:13  Drone x3  
  59  6:19  Overlord  
  59  6:53  Mutalisk x7  
  73  7:01  Mutalisk  
  73  7:04  Overlord  
  73  7:06  Zergling x10  
  80  7:09  Spore Crawler, Drone  
  80  7:13  Drone, Spore Crawler  
  80  7:18  Mutalisk x2  
  80  7:20  Drone x2  
  80  7:22  Spore Crawler  
  85  7:26  Mutalisk  
  86  7:31  Mutalisk  
  86  7:35  Drone x3  
  91  7:38  Drone x2  
  91  7:41  Drone x2  
  95  7:45  Zerg Flyer Weapons Level 1  
  95  7:47  Drone  
  95  7:49  Extractor  
  95  7:51  Queen  
  95  7:52  Extractor, Drone  
  95  7:55  Overlord x2  
  97  8:04  Overlord  
  97  8:06  Baneling x6  
  97  8:07  Overlord  
  97  8:11  Overlord  
  97  8:14  Zergling x8  
  97  8:16  Mutalisk  
  103  8:23  Zergling x8  
  103  8:25  Zergling x4  
  109  8:28  Zergling x2  
  106  8:39  Zergling x2  
  106  8:40  Zergling x10  
  97  8:45  Drone  
  97  8:47  Drone  
  93  8:51  Drone x2  
  93  8:52  Drone  
  93  8:53  Drone x2  
  96  8:58  Mutalisk  
  96  9:00  Mutalisk x3  
  104  9:06  Mutalisk x2  
  108  9:10  Mutalisk  
  110  9:18  Drone  
  110  9:20  Hatchery, Mutalisk  
  112  9:24  Mutalisk  
  112  9:26  Drone x2  
  112  9:30  Mutalisk x2  
  120  9:32  Drone  
  120  9:37  Overlord  
  121  9:39  Baneling x2  
  121  9:40  Baneling x2, Evolution Chamber  
  121  9:42  Drone x2  
  122  9:49  Mutalisk  
  122  9:50  Mutalisk x2  
  128  9:53  Overlord  
  128  9:54  Drone  
  128  9:56  Overlord  
  128  9:59  Drone x2  
  131  10:03  Drone x2  
  131  10:05  Overseer  
  133  10:07  Overlord  
  133  10:10  Zerg Melee Weapons Level 1  
  133  10:11  Mutalisk  
  135  10:17  Infestation Pit, Drone  
  135  10:18  Drone x2  
  137  10:24  Overlord  
  137  10:25  Drone x3  
  137  10:27  Zergling x2  
  141  10:31  Evolution Chamber  
  141  10:32  Mutalisk  
  141  10:35  Drone x2  
  144  10:36  Drone  
  144  10:42  Extractor  
  144  10:43  Extractor, Drone x3  
  144  10:46  Drone x3  
  149  10:54  Pneumatized Carapace, Hive  
  149  10:57  Zerg Ground Armor Level 1, Mutalisk  
  149  10:58  Mutalisk x2  
  149  10:59  Drone x2  
  149  11:02  Zergling x6  
  160  11:10  Zergling x2  
  160  11:11  Zergling x14  
  166  11:14  Zergling x6  
  169  11:20  Zergling x4  
  171  11:26  Overlord  
  171  11:33  Zerg Flyer Weapons Level 2  
  171  11:34  Baneling x10  
  171  11:36  Mutalisk x3  
  171  11:37  Hatchery  
  171  11:38  Overlord  
  176  11:42  Overlord x2  
  176  11:43  Overlord  
  176  11:45  Overlord  
  176  11:52  Overlord  
  176  12:05  Zergling x12  
  176  12:07  Adrenal Glands  
  182  12:08  Zerg Melee Weapons Level 2  
  182  12:10  Ultralisk Cavern  
  182  12:14  Zergling x16  
  189  12:19  Overseer  
  167  12:32  Mutalisk  
  167  12:33  Mutalisk x6  
  142  12:43  Drone x3  
  130  12:53  Zergling x18  
  137  13:00  Ultralisk x2  
  137  13:04  Zergling x10  
  158  13:07  Baneling x5  
  152  13:15  Baneling x7  
  152  13:17  Zergling x22  
  148  13:30  Ultralisk x2  
  128  13:49  Ultralisk  
  128  13:52  Zergling x10  
  128  13:54  Hatchery  
  136  14:03  Ultralisk  
  136  14:04  Zergling x2  
  136  14:05  Zergling x4  
  136  14:07  Infestor  
  141  14:10  Infestor  
  141  14:14  Drone  
  144  14:20  Drone x2  
  144  14:21  Chitinous Plating  
  144  14:24  Drone  
  147  14:27  Infestor  
  147  14:29  Zergling x2  
  150  14:38  Ultralisk  
  154  14:42  Zergling x4  
  157  14:45  Zergling x2  
  157  14:48  Burrow  
  157  14:49  Zergling x4  
  159  14:55  Zergling x2  
  159  15:02  Zergling x4  
  161  15:08  Ultralisk  
  161  15:10  Zergling x6  
  167  15:15  Zergling x10  
  167  15:20  Baneling x4  
  175  15:21  Ultralisk  
  175  15:26  Zergling x14  
  182  15:34  Zergling x4  
  175  15:41  Zergling x8  
  177  15:55  Infestor x3  
  177  16:00  Zergling x16  
  177  16:02  Infestor  
  181  16:07  Baneling  
  181  16:08  Baneling x10  
  177  16:13  Zergling x6  
  177  16:17  Zergling x4  
  160  16:24  Zergling x6  
  152  16:30  Zergling x4  
  153  16:33  Ultralisk  
  157  16:46  Ultralisk x2  
  158  16:48  Zergling x4  
  158  16:57  Zergling x8  
  158  16:59  Zergling x2  
  158  17:00  Zergling x2  
Tags
 
Add a new tag
Caveats
  • Supply blocks, unpowered buildings, or Contaminate may cause inaccurate times.
  • Supply counts are checked every 10 seconds.